cohdb
Replays
Latest Replays
All Replays
Popular Replays
Top Player Replays
Match Explorer
How It Works
Community
CoH3 Stats
Reddit
Sign in to upload your games and track your stats! →
Sign in with Steam
Match 41669357
Unlisted
Match 41669357
Overview
Messages
Build Orders
End
Royal Engineer Section
Selects Heavy Armor Battlegroup
Construct Section Command Post
Infantry Section
Infantry Section
Construct Field Infirmary
Infantry Section
Construct Platoon Command Post
Selects Engineer Detachments
Royal Engineer Section
Infantry Training
Grenade Package
6-pounder Anti-tank Gun Team
stevomcmuffinman
☭SOVIET CORE☭
0
0
Comments
sign in to comment!
No comments posted yet!